Map: Neon Violet Square LE

Players

SamuraiFunn

  • Race: Protoss Protoss
  • League: Platinum
  • Spawn Location: 5:00

TheRedNeck - Winner!

  • Race: Terran Terran
  • League: Platinum
  • Spawn Location: 11:00

VOD

Have the link to the VOD?

Description

Time

  • Played on: Nov. 25, 2017, 2:01 p.m.
  • Length: 5:44
Show
View Real Time Build Order
Export as new Build Order

SamuraiFunn Protoss 

Build Orders: 1 Gate Expand 

Get SALT Encoding   

  12  0:01  Probe  
  13  0:13  Probe  
  14  0:20  Pylon  
  14  0:26  Probe  
  15  0:38  Probe  
  15  0:40  Gateway  
  16  0:50  Probe (Chrono Boost)  
  16  0:53  Assimilator  
  17  1:02  Probe (Chrono Boost)  
  19  1:11  Probe (Chrono Boost)  
  19  1:20  Probe  
  20  1:39  Nexus  
  20  1:43  Probe  
  21  1:48  Assimilator  
  21  1:56  Cybernetics Core  
  21  2:07  Probe  
  22  2:11  Pylon  
  22  2:26  Probe  
  23  2:32  Adept (Chrono Boost)  
  23  2:35  Warp Gate (Chrono Boost)  
  25  2:38  Probe  
  26  2:45  Gateway  
  26  2:48  Gateway  
  26  2:50  Probe  
  27  3:08  Probe x2  
  29  3:20  Probe x2  
  29  3:22  Twilight Council  
  31  3:30  Gateway  
  31  3:32  Probe  
  32  3:35  Probe  
  32  3:40  Assimilator  
  33  3:44  Probe  
  34  3:48  Probe  
  34  3:55  Assimilator  
  35  3:57  Pylon  
  35  4:10  Probe x2, Dark Shrine  
  37  4:28  Pylon  
  36  4:42  Probe x2  
  38  4:54  Probe x2  
  37  5:23  Dark Templar x3  
  37  5:24  Dark Templar  
  45  5:30  Pylon  
  45  5:31  Pylon  
  45  5:32  Pylon  
Show
View Real Time Build Order
Export as new Build Order

TheRedNeck Terran - Winner!

Build Orders:  

Get SALT Encoding   

  12  0:01  SCV  
  13  0:13  SCV  
  14  0:18  Supply Depot  
  14  0:25  SCV  
  15  0:31  Refinery  
  15  0:40  SCV  
  16  0:46  Barracks  
  16  0:52  SCV  
  17  0:59  Refinery  
  17  1:05  SCV  
  17  1:10  Supply Depot  
  18  1:17  SCV  
  19  1:29  SCV  
  20  1:33  Marine  
  21  1:41  SCV  
  21  1:44  Factory  
  22  1:53  SCV  
  23  2:00  Marine  
  24  2:05  SCV  
  25  2:09  Supply Depot  
  25  2:20  SCV  
  25  2:22  Marine  
  27  2:29  Factory Reactor  
  27  2:39  SCV  
  27  2:40  Marine  
  27  2:42  Supply Depot  
  29  2:58  Marine  
  30  3:07  Cyclone x2  
  35  3:26  Command Center  
  35  3:39  Cyclone  
  38  3:45  Cyclone  
  38  3:48  Marine  
  41  3:52  SCV  
  43  4:04  SCV  
  44  4:10  Armory  
  44  4:14  Cyclone  
  47  4:24  Supply Depot  
  47  4:32  Orbital Command  
  47  4:38  SCV  
  48  4:50  SCV  
  49  4:54  Barracks Tech Lab  
  49  4:57  Barracks  
  49  5:28  SCV x2  
Tags
 
Add a new tag
Caveats
  • Supply blocks, unpowered buildings, or Contaminate may cause inaccurate times.
  • Supply counts are checked every 10 seconds.